 Dungeon Crawl Stone Soup version 0.31.0-32-g396128a36d (webtiles) character file.

Game seed: 7159743830963703456

4503 ChrisAssaf the Grave Robber (level 10, -1/44 HPs)
             Began as a Vine Stalker Necromancer on Mar 30, 2024.
             Was an Elder of Hepliaklqana.
             Succumbed to a green ugly thing's poison
             ... on level 8 of the Dungeon.
             The game lasted 00:43:17 (8241 turns).

ChrisAssaf the Grave Robber (VSNe)                  Turns: 8241, Time: 00:43:17

Health: -1/44      AC:  8    Str: 14    XL:     10   Next: 38%
Magic:  1/21       EV: 13    Int: 24    God:    Hepliaklqana [****..]
Gold:   195        SH:  0    Dex: 15    Spells: 3/22 levels left

rFire   . . .        o - +6 flail "Cifedues" {freeze, rN+ Will- Str+3 Int+3}
rCold   + . .        (no shield)
rNeg    + . .        z - +1 robe {rC+}
rPois   .            x - +1 hat
rElec   .            (no cloak)
rCorr   .            (no gloves)
SInv    .            (no boots)
Will    .....        (no amulet)
Stlth   +++          c - +4 ring of protection
HPRegen 1.07/turn    h - ring of wizardry
MPRegen 0.17/turn

%: guardian spirit, wizardry (x1)
@: lethally poisoned (-1 -> -10)
A: reduced essence, fangs 3, regeneration 1, magic shield, antimagic bite, no
potion heal 2, clever 1
a: Renounce Religion, Recall Ancestor, Ancestor Identity, Transference, Idealise


You were on level 8 of the Dungeon.
You worshipped Hepliaklqana.
Hepliaklqana was greatly pleased with you.
You visited 1 branch of the dungeon, and saw 8 of its levels.

You collected 497 gold pieces.
You spent 302 gold pieces at shops.

Inventory:

Hand Weapons
 o - the +6 flail "Cifedues" (weapon) {freeze, rN+ Will- Str+3 Int+3}
   (You found it on level 4 of the Dungeon)

   Str+3:     It affects your strength (+3).
   Int+3:     It affects your intelligence (+3).
   rN+:       It protects you from negative energy.
   Will-:     It decreases your willpower.
Missiles
 r - 4 throwing nets
 t - 8 javelins (quivered)
 y - 4 silver javelins
Armour
 x - a +1 hat (worn)
 z - a +1 robe of cold resistance (worn)
Jewellery
 c - a +4 ring of protection (left hand)
 h - a ring of wizardry (right hand)
 k - a ring of poison resistance
Talismans
 d - a flux talisman
 v - a storm talisman
Wands
 b - a wand of mindburst (15)
Scrolls
 i - 2 scrolls of immolation
 j - 6 scrolls of identify
 m - 2 scrolls of teleportation
 n - a scroll of vulnerability
 p - 2 scrolls of fog
 q - 3 scrolls of revelation
 u - 2 scrolls of blinking
 A - a scroll of poison
 B - a scroll of fear
Potions
 a - 3 potions of brilliance
 e - 5 potions of haste
 g - 4 potions of berserk rage
 l - 5 potions of attraction
 s - 2 potions of heal wounds
 w - a potion of resistance


   Skills:
 * Level 3.1 Fighting
 - Level 0.3 Short Blades
 * Level 3.4 Maces & Flails
 * Level 2.8 Throwing
 * Level 2.8 Armour
 * Level 3.6 Dodging
 * Level 5.4 Stealth
 * Level 3.9 Unarmed Combat
 * Level 6.7 Spellcasting
 * Level 2.4 Conjurations
 * Level 7.1 Necromancy
 * Level 2.0 Alchemy
 * Level 3.2 Invocations
 * Level 0.9 Evocations
 * Level 3.1 Shapeshifting


You had 3 spell levels left.
You knew the following spells:

 Your Spells              Type           Power      Damage    Failure   Level
a - Necrotise             Necr           100%       1d9       1%          1
b - Vampiric Draining     Necr           42%        2d9       1%          3
c - Animate Dead          Necr           42%        N/A       1%          4
d - Curse of Agony        Necr           42%        N/A       4%          5
e - Searing Ray           Conj           38%        2d5       1%          2
f - Fulminant Prism       Conj/Alch      9%         3d7       12%         4

Your spell library contained the following spells:

 Spells                   Type           Power      Damage    Failure   Level
 Magic Dart               Conj           76%        1d6       1%          1
 Apportation              Tloc           16%        N/A       3%          1
 Sandblast                Erth           16%        2d6       3%          1
 Jinxbite                 Hex            16%        N/A       4%          2
 Lesser Beckoning         Tloc           16%        N/A       4%          2
 Gell's Gravitas          Tloc           8%         N/A       9%          3
 Teleport Other           Tloc           8%         N/A       9%          3
 Ignite Poison            Fire/Alch      13%        N/A       19%         4
 Sticky Flame             Fire/Alch      13%        2d5       19%         4
 Alistair's Intoxication  Alch           11%        N/A       32%         5
 Ignition                 Fire           4%         3d4       100%        8
 Lehudib's Crystal Spear  Conj/Erth      6%         10d3      100%        8
 Chain Lightning          Conj/Air       6%         3d8       100%        9


Dungeon Overview and Level Annotations

Branches:
Dungeon (8/15)             Temple (0/1) D:7            Lair (0/5) D:8

Altars:
Ashenzari
Elyvilon
Hepliaklqana
Nemelex Xobeh
Ru
Vehumet
Wu Jian
Yredelemnul
Zin
The Shining One

Shops:
D:4 :   D:6 :!?


Innate Abilities, Weirdness & Mutations

Your life essence is reduced to manifest your ancestor. (-10% HP)
You have razor-sharp teeth.
Your natural rate of healing is unusually fast.
When hurt, damage is shared between your health and your magic reserves.
Your bite disrupts and absorbs the magic of your enemies.
Potions cannot restore your health.
Your mind is acute. (Int +4, Str/Dex -1)


Message History

You are poisoned.
The green ugly thing poisons you!
Your orc zombie hits the green ugly thing.
Casting: Vampiric Draining (safe; 1% risk of failure)
Confirm with . or Enter, or press ? or * to list all spells.
Aiming: Vampiric Draining (safe; 1% risk of failure)
Press: ? - help, Shift-Dir - straight line, f/p - green ugly thing
Aim: a green ugly thing (severely wounded, ally target)
You draw life force from the green ugly thing!
You feel life coursing into your body.
You feel extremely sick.
The green ugly thing headbutts you but does no damage.
Casting: Vampiric Draining (safe; 1% risk of failure)
Confirm with . or Enter, or press ? or * to list all spells.
Aiming: Vampiric Draining (safe; 1% risk of failure)
Press: ? - help, Shift-Dir - straight line, f/p - green ugly thing
Aim: a green ugly thing (almost dead, ally target)
You draw life force from the green ugly thing!
You feel life coursing into your body.
You feel very sick.
Your orc zombie barely misses the green ugly thing.
The green ugly thing headbutts you.
You are lethally poisoned!
The green ugly thing poisons you!
You feel extremely sick.
Your orc zombie hits the green ugly thing but does no damage.
The green ugly thing headbutts your orc zombie!
Your orc zombie is destroyed!
* * * LOW HITPOINT WARNING * * *
You feel extremely sick.
The green ugly thing headbutts your orc warrior zombie.
* * * LOW HITPOINT WARNING * * *
You feel very sick.
Your orc warrior zombie barely misses the green ugly thing.
The green ugly thing headbutts your orc warrior zombie.
* * * LOW HITPOINT WARNING * * *
You feel very sick.
Your orc warrior zombie hits the green ugly thing.
The green ugly thing headbutts your orc warrior zombie!
You die...

)####.##..####...###......#'##..#
.#.........#.###...###......#...)
.#.........#...##))##......##....
####..##'#####..R.##......####..#
.####'##..##.##..##......## ##..#
...#.......#....##......## #....
...#.......##..##......## #....
..RRZ......#..##......## #....
..######..##.##.@....## ####.
..##..##R.####...)..## ####.
......#....##....))## #.#⌠.
......#....#.Z...)### #.+._
####..######u#Z))...### ###.#⌠.
.###..##..##o###......### ..#.#..
...........#o..###......###.#....
...........##).o.###......#'#....
...........# .#....###......#####


You could see a green ugly thing (ally target), an orc warrior, a friendly gnoll
bouda zombie and a friendly orc warrior zombie.

Vanquished Creatures
  Maurice (D:7)
  The ghost of chippings the Grave Robber, a novice DrWn (D:5)
  A yak (D:5)
  3 steam dragons
  An orc warrior (D:8)
  3 centaurs
  A phantom (D:5)
  2 kobold brigands
  Blork the orc (D:6)
  3 wights (D:8)
  2 howler monkeys (D:8)
  2 bombardier beetles
  A hound (D:4)
  A gnoll bouda (D:8)
  Crazy Yiuf (D:6)
  3 orc priests
  A sleepcap (D:5)
  3 iguanas
  6 orc wizards
  5 gnolls
  6 adders
  A shadow imp (D:5)
  2 white imps
  2 ufetubi (D:5)
  2 dart slugs (D:1)
  A ribbon worm (D:2)
  17 orcs
  4 bats
  4 endoplasms
  2 giant cockroaches (D:1)
  5 goblins
  5 hobgoblins
  9 jackals
  12 kobolds
  2 quokkas (D:1)
  6 ball pythons
  2 frilled lizards
  A kobold zombie (D:7)
  4 rats
129 creatures vanquished.

Vanquished Creatures (collateral kills)
  The ghost of seawaffle the Digger, a novice GrEE of Vehumet (D:6)
  A kobold demonologist (D:8)
  2 water moccasins
  A black bear (D:7)
  A phantom (D:6)
  A gnoll sergeant (D:7)
  A bullfrog (D:7)
  2 wights (D:8)
  4 howler monkeys (D:8)
  A jelly (D:6)
  3 hounds
  An orc priest (D:7)
  An iguana (D:6)
  A sleepcap (D:8)
  2 orc wizards
  4 gnolls (D:4)
  4 adders
  A shadow imp (D:5)
  3 white imps
  A dart slug (D:4)
  7 orcs
  2 endoplasms
  A giant cockroach (D:4)
  5 goblins
  3 hobgoblins
  4 jackals
  3 kobolds
  2 ball pythons
  A bat (D:3)
  A frilled lizard (D:1)
  2 rats
67 creatures vanquished.

Vanquished Creatures (others)
  A water moccasin zombie (D:6)
  An orc wizard (D:5)
  2 knights
  A howler monkey zombie (D:8)
  An adder zombie (D:6)
  A jelly zombie (D:6)
  15 orc zombies
  2 gnoll zombies (D:7)
  4 fulminant prisms
28 creatures vanquished.

Grand Total: 224 creatures vanquished

Notes
Turn   | Place    | Note
-------+----------+-------------------------------------------
     0 | D:1      | ChrisAssaf the Vine Stalker Necromancer began the quest for
                  | the Orb.
     0 | D:1      | Reached XP level 1. HP: 9/9 MP: 4/4
    82 | D:1      | Reached XP level 2. HP: 13/13 MP: 3/6
   382 | D:1      | Reached XP level 3. HP: 16/16 MP: 5/7
   386 | D:1      | Learned a level 3 spell: Vampiric Draining
  1562 | D:2      | Found a faded altar of an unknown god.
  1569 | D:2      | Prayed at the altar of an unknown god.
  1569 | D:2      | Became a worshipper of Hepliaklqana the Forgotten
  1569 | D:2      | Reached * piety under Hepliaklqana
  1970 | D:3      | Reached XP level 4. HP: 18/18 MP: 9/9
  2040 | D:3      | Learned a level 4 spell: Animate Dead
  2061 | D:3      | Found a glowing silver altar of Zin.
  2489 | D:3      | Reached ** piety under Hepliaklqana
  2493 | D:3      | Remembered your ancestor Groot as a knight
  2743 | D:4      | Found Fulu's Book Boutique.
  2752 | D:4      | Reached XP level 5. HP: 22/22 MP: 0/10
  2911 | D:4      | Found a sacrificial altar of Ru.
  3016 | D:4      | Identified the +6 flail "Cifedues" {freeze, rN+ Will- Str+3
                  | Int+3}
  3024 | D:4      | Reached skill level 1 in Unarmed Combat
  3024 | D:4      | Reached skill level 5 in Necromancy
  3038 | D:4      | Reached XP level 6. HP: 26/26 MP: 2/12
  3157 | D:4      | Reached skill level 1 in Armour
  3231 | D:4      | Found a white marble altar of Elyvilon.
  3244 | D:4      | Reached skill level 1 in Shapeshifting
  3333 | D:4      | Learned a level 5 spell: Curse of Agony
  3563 | D:4      | Found a glowing golden altar of the Shining One.
  3563 | D:4      | Found a radiant altar of Vehumet.
  3592 | D:4      | Found a hazy altar of Hepliaklqana.
  3599 | D:4      | Found an ornate altar of the Wu Jian Council.
  3783 | D:5      | Entered Level 5 of the Dungeon
  3840 | D:5      | Reached skill level 1 in Fighting
  3840 | D:5      | Reached skill level 1 in Invocations
  3849 | D:5      | Reached XP level 7. HP: 26/29 MP: 8/14
  3910 | D:5      | Reached skill level 1 in Maces & Flails
  4018 | D:5      | Found a runed translucent door.
  4019 | D:5      | Noticed chippings's ghost (novice DrWn)
  4020 | D:5      | Noticed a yak
  4061 | D:5      | Killed a yak
  4101 | D:5      | Killed chippings's ghost
  4102 | D:5      | Reached skill level 1 in Throwing
  4102 | D:5      | Gained mutation: You have razor-sharp teeth. [Vine Stalker
                  | growth]
  4102 | D:5      | Reached XP level 8. HP: 30/34 MP: 9/16
  4104 | D:5      | Reached skill level 5 in Spellcasting
  4238 | D:5      | Got the Secrets of Terrestrial Inhalation
  4515 | D:5      | Learned a level 2 spell: Searing Ray
  4522 | D:5      | Reached *** piety under Hepliaklqana
  4688 | D:6      | Found a broken altar of Ashenzari.
  4697 | D:6      | Noticed Blork the orc
  4726 | D:6      | Killed Blork the orc
  4811 | D:6      | Found Caes's Distillery.
  4839 | D:6      | Bought a potion of brilliance for 44 gold pieces
  4839 | D:6      | Bought a potion of mutation for 88 gold pieces
  4839 | D:6      | Bought a potion of resistance for 110 gold pieces
  4839 | D:6      | Gained mutation: Your mind is acute. (Int +4, Str/Dex -1)
                  | [potion of mutation]
  4862 | D:6      | Found a runed translucent gate.
  5003 | D:6      | Found Ebatsu Ochock's Book Shoppe.
  5037 | D:6      | Reached XP level 9. HP: 37/37 MP: 16/18
  5060 | D:6      | Found a runed translucent door.
  5061 | D:6      | Noticed Crazy Yiuf
  5068 | D:6      | Killed Crazy Yiuf
  5184 | D:6      | Learned a level 4 spell: Fulminant Prism
  5278 | D:6      | Found a runed translucent gate.
  5279 | D:6      | Found a runed translucent gate.
  5281 | D:6      | Noticed seawaffle's ghost (novice GrEE)
  5291 | D:6      | Killed seawaffle's ghost
  5292 | D:6      | Reached skill level 1 in Conjurations
  5292 | D:6      | Reached skill level 6 in Necromancy
  5381 | D:6      | Found Saibono's Magic Scroll Boutique.
  5399 | D:6      | Bought a scroll of teleportation for 36 gold pieces
  5399 | D:6      | Bought a scroll of identify for 24 gold pieces
  5965 | D:7      | Found a staircase to the Ecumenical Temple.
  6155 | D:7      | Noticed Maurice
  6161 | D:7      | Maurice stole 4 silver javelins
  6163 | D:7      | Maurice stole a storm talisman
  6300 | D:7      | Reached skill level 1 in Alchemy
  6653 | D:7      | Reached skill level 5 in Stealth
  6908 | D:7      | Reached **** piety under Hepliaklqana
  7026 | D:7      | Maurice stole a ring of poison resistance
  7035 | D:7      | Maurice stole 49 gold
  7039 | D:7      | Killed Maurice
  7299 | D:8      | Reached XP level 10. HP: 43/43 MP: 15/20
  7368 | D:8      | Found a staircase to the Lair.
  7417 | D:8      | Found a basalt altar of Yredelemnul.
  7490 | D:8      | Noticed a kobold demonologist
  7507 | D:8      | Killed a kobold demonologist
  7508 | D:8      | Reached skill level 7 in Necromancy
  7681 | D:8      | Found a sparkling altar of Nemelex Xobeh.
  8217 | D:8      | Noticed a green ugly thing
  8240 | D:8      | HP: 2/44 [poisoned by a green ugly thing]
  8241 | D:8      | Succumbed to a green ugly thing's poison

Illustrated notes

Levels and vault maps discovered:
D:1:      tarquinn_simple_flora_water_c, layout_basic, serial_corexii_hall,
          corexii_hall_statues_l, corexii_hall_statues_i, kennysheep_boxes
D:2:      layout_loops_ring, dilly_ecumenical_altar_fadedgnrine,
          hangedman_abyss_or_decor_stabs, minmay_tetromino_t4
D:3:      layout_basic, lemuel_crystal_altar
D:4:      layout_rooms, nicolae_ru_great_annihilating_truth,
          lemuel_doored_altar, gammafunk_temple_overflow_elements,
          mainiacjoe_overflow_big_doors, serial_shops,
          nicolae_shop_gibbet_a_chance
D:5:      layout_basic, ebering_ghost_inner_flame, chequers_jeans
D:6:      layout_basic, evilmike_ruin_ashenzari, serial_shops,
          nicolae_stop_n_shop_2, shop, nicolae_shop_pleasant_corner_grove,
          ebering_ghost_rock_garden, uniq_crazy_yiuf_cottage, uniq_blork_the_orc
D:7:      layout_loops_corners, temple_hall, kennysheep_minor_cross,
          uniq_maurice
D:8:      minmay_razor_zed, layout_gridville, overflow_temple_1_default,
          nemelex_xobeh_ov_fountains_minmay, lair_entry_dummy

Skill      XL: |  1  2  3  4  5  6  7  8  9 10 |
---------------+-------------------------------+-----
Spellcasting   | 3 4 5 6 |  6.7
Dodging        | 2 3 |  3.6
Stealth        | 3 4 5 |  5.4
Unarmed Combat | 1 2 3 |  3.9
Necromancy     | 5 6 7 |  7.1
Armour         | 1 2 |  2.8
Shapeshifting  | 1 2 3 |  3.1
Fighting       | 1 2 3 |  3.1
Invocations    | 1 2 3 |  3.2
Maces & Flails | 1 2 3 |  3.4
Throwing       | 1 2 |  2.8
Conjurations   | 2 |  2.4
Alchemy        | 1 2 |  2.0
Short Blades   | |  0.3
Evocations     | |  0.9

Action                     |  1- 3 |  4- 6 |  7- 9 | 10-12 || total
---------------------------+-------+-------+-------+-------++-------
  Melee: Unarmed           |     2 |     2 |       |       ||     4
         Dagger            |       |     4 |       |       ||     4
         Bite              |       |    10 |    18 |    15 ||    43
         Flail             |       |    30 |    85 |    36 ||   151
         Punch             |       |       |       |     2 ||     2
  Throw: Javelin           |       |     2 |    26 |    15 ||    43
   Cast: Necrotise         |    71 |    37 |     5 |     1 ||   114
         Vampiric Draining |     1 |     6 |    25 |    17 ||    49
         Animate Dead      |       |     3 |     6 |     1 ||    10
         Curse of Agony    |       |     2 |     2 |       ||     4
         Fulminant Prism   |       |       |     4 |       ||     4
 Invoke: Ancestor Identity |     1 |       |       |       ||     1
         Ancestor Life: Kn |       |     1 |       |       ||     1
         Recall Ancestor   |       |       |       |     1 ||     1
    Use: Potion            |     1 |       |     5 |     1 ||     7
         Scroll            |     9 |     4 |     7 |     1 ||    21
   Stab: Distracted        |       |       |     3 |       ||     3
 Armour: Robe              |    28 |    63 |   125 |    53 ||   269
  Dodge: Dodged            |    33 |    69 |   102 |    38 ||   242
